 Dungeon Crawl Stone Soup version 0.24-a0-230-g536ed4e33c (webtiles) character file.

Game seed: 12512551205152043111

46 MrRokkomies the Ducker (level 3, -5/16 HPs)
             Began as a Spriggan Air Elementalist on Apr 3, 2019.
             Killed by nerve-wracking pain
             ... invoked by a shadow imp
              (11 damage)
             ... on level 2 of the Dungeon.
             The game lasted 00:05:18 (1501 turns).

MrRokkomies the Ducker (Spriggan Air Elementalist)  Turns: 1501, Time: 00:05:18

Health: -5/16      AC:  2    Str:  4    XL:     3   Next: 46%
Magic:  1/8        EV: 19    Int: 17    God:
Gold:   59         SH:  0    Dex: 16    Spells: 3/7 levels left

rFire    . . .     SeeInvis +   b - +0 short sword
rCold    . . .     Gourm    .   (shield restricted)
rNeg     . . .     Faith    .   a - +0 robe
rPois    .         Spirit   .   (helmet restricted)
rElec    .         Reflect  .   (no cloak)
rCorr    .         Harm     .   (gloves unavailable)
MR       .....                  (boots unavailable)
Stlth    ++........             (no amulet)
HPRegen  0.05/turn              (no ring)
MPRegen  0.11/turn              (no ring)

@: very slightly contaminated, very quick
A: very small, unfitting armour, see invisible, herbivore, speed 3, slow
metabolism 2
a: no special abilities


You were on level 2 of the Dungeon.
You were not hungry.

You visited 1 branch of the dungeon, and saw 2 of its levels.

You collected 59 gold pieces.

Inventory:

Hand Weapons
 b - a +0 short sword (weapon)
Missiles
 j - 14 poisoned needles
Armour
 a - a +0 robe (worn)
Scrolls
 d - a scroll of enchant weapon {unknown}
 g - a scroll of blinking {unknown}
 i - 2 scrolls of enchant armour {unknown}
 l - 2 scrolls of amnesia {unknown}
 n - a scroll of remove curse {unknown}
Potions
 e - a potion of flight {unknown}
 f - 2 potions of curing {unknown}
 h - a potion of might {unknown}
 k - a potion of resistance {unknown}
 m - a potion of heal wounds {unknown}
Comestibles
 c - 3 rations


   Skills:
 + Level 3.7 Dodging
 - Level 3.0 Stealth
 - Level 2.6 Spellcasting
 * Level 1.6 Conjurations
 * Level 3.3 Air Magic


You had 3 spell levels left.
You knew the following spells:

 Your Spells              Type           Power        Failure   Level  Hunger
a - Shock                 Conj/Air       ##..         7%          1    #......
b - Static Discharge      Conj/Air       ##......     21%         3    ###....

Your spell library contained the following spells:

 Spells                   Type           Power        Failure   Level  Hunger
 Swiftness                Chrm/Air       #.......     14%         2    ##.....
 Airstrike                Air            ##........   41%         4    #####..
 Lightning Bolt           Conj/Air       ##........   88%         5    ######.


Dungeon Overview and Level Annotations

Branches:
Dungeon (2/15)

Altars:


Innate Abilities, Weirdness & Mutations

You are very small and have problems with some larger weapons.
You are too small for most types of armour.
You have supernaturally acute eyesight. (SInv)
You are a herbivore.
You cover ground extremely quickly.
You need to consume almost no food.


Message History

Aiming: Shock (safe; 7% risk of failure)
Press: ? - help, Shift-Dir - straight line, f/p - shadow imp
Aim: a shadow imp (heavily wounded)
The zap misses the shadow imp.
The shadow imp hits you.
You hit the shadow imp.
The shadow imp is severely wounded.
The shadow imp hits you.
You hit the shadow imp but do no damage.
The shadow imp is severely wounded.
The shadow imp completely misses you.
You hit the shadow imp.
The shadow imp is almost dead.
The shadow imp hits you.
You hit the shadow imp but do no damage.
The shadow imp is almost dead.
The shadow imp misses you. The shadow imp gestures at you.
Pain shoots through your body!
Ouch! That really hurt!
You die...

### ###.. +.#.#
#.#.# ##
#####.#.######## .+
.........5..>... ##
#########.#@##.#....
#......##.#.#..... .
#......##........#
#......'......#...#
#......#..#...# ...
####...#....†.# .
#.######.#...
####.### ..#..#.
#......# ..#...).


You could see a shadow imp.

Vanquished Creatures
  An ooze (D:1)
  A worm (D:2)
  A dart slug (D:1)
  2 leopard geckos (D:1)
  7 bats (D:1)
  4 goblins
  3 hobgoblins (D:1)
  5 jackals
  4 kobolds (D:1)
  A frilled lizard (D:1)
  4 rats
33 creatures vanquished.

Notes
Turn   | Place    | Note
-------+----------+-------------------------------------------
     0 | D:1      | MrRokkomies the Spriggan Air Elementalist began the quest
                  | for the Orb.
     0 | D:1      | Reached XP level 1. HP: 9/9 MP: 5/5
   114 | D:1      | Reached skill level 1 in Conjurations
   127 | D:1      | Reached XP level 2. HP: 12/13 MP: 2/6
   654 | D:1      | Reached XP level 3. HP: 16/16 MP: 6/8
  1335 | D:2      | Learned a level 3 spell: Static Discharge
  1501 | D:2      | Killed from afar by a shadow imp

Levels and vault maps discovered:
D:1:      dpeg_arrival_fog, layout_basic, st_stairs_10, minmay_tetromino_l4
D:2:      layout_basic, vehumet_crystals, lemuel_doored_altar, first_ration,
          nicolae_gozag_cash_rules_everything_around_me

Skill      XL: |  1  2 |
---------------+-------+-----
Conjurations   | 1 |  1.6
Air Magic      | 3 |  3.3
Dodging        | |  3.7
Stealth        | |  3.0
Spellcasting   | |  2.6

Action                   || total
-------------------------++-------
Melee: Short sword       ||    60
 Cast: Shock             ||    37
       Static Discharge  ||     1
 Stab: Sleeping          ||     5
Armor: Robe              ||     8
Dodge: Dodged            ||    77

Table legend:
 A = Non-vault XP
 B = Vault XP
 C = Vault XP percentage of total XP
 D = Non-vault monster count
 E = Vault monster count
 F = Vault count percentage of total count
                 A         B        C        D         E       F
            +---------+---------+-------+---------+---------+-------
      Total |      55 |      12 |  17.9 |      26 |       7 |  21.2
            +---------+---------+-------+---------+---------+-------
        D:1 |      41 |      12 |  22.6 |      20 |       7 |  25.9
        D:2 |      14 |       0 |   0.0 |       6 |       0 |   0.0
            +---------+---------+-------+---------+---------+-------
